Map: Oceanborn LE

Players

Subwayeatn

  • Race: Terran Terran
  • League: Platinum
  • Spawn Location: 11:00

WangJangler - Winner!

  • Race: Terran Terran
  • League: Platinum
  • Spawn Location: 5:00

VOD

Have the link to the VOD?

Description

Time

  • Played on: Nov. 7, 2023, 10:04 p.m.
  • Length: 13:26
Show
View Real Time Build Order
Export as new Build Order

Subwayeatn Terran 

Build Orders:  

Get SALT Encoding   

  12  0:00  SCV  
  13  0:12  SCV  
  14  0:18  Supply Depot  
  14  0:24  SCV  
  15  0:39  SCV  
  15  0:41  Barracks  
  16  0:49  Refinery  
  16  0:52  SCV  
  17  1:04  SCV  
  18  1:17  SCV  
  19  1:29  Marine  
  20  1:34  Supply Depot  
  20  1:36  Orbital Command  
  20  1:48  Barracks  
  20  1:50  Marine  
  21  1:58  Factory  
  21  2:03  SCV  
  21  2:04  Refinery  
  22  2:16  Barracks Tech Lab  
  22  2:22  SCV  
  23  2:34  Command Center  
  23  2:40  Stimpack  
  23  2:56  SCV  
  24  2:58  Barracks Reactor  
  24  3:03  Factory Tech Lab  
  24  3:05  Supply Depot  
  24  3:07  Marauder  
  24  3:09  SCV  
  27  3:21  SCV  
  27  3:25  Siege Tank  
  27  3:26  Supply Depot  
  31  3:34  SCV  
  32  3:44  Engineering Bay  
  32  3:46  SCV  
  34  3:49  Starport  
  34  3:54  SCV  
  34  4:04  SCV  
  34  4:07  Orbital Command  
  35  4:11  Terran Infantry Weapons Level 1  
  35  4:16  SCV  
  36  4:25  Missile Turret  
  36  4:34  SCV x2  
  36  4:35  Supply Depot  
  38  4:39  Starport Reactor  
  38  4:41  Combat Shield  
  38  4:46  Missile Turret, Marine  
  38  4:48  Marine x2  
  41  4:54  Siege Tank  
  44  5:03  SCV x2  
  46  5:21  Missile Turret  
  46  5:26  SCV x2  
  48  5:29  Refinery  
  48  5:31  Marauder, Marine x2  
  48  5:34  Siege Tank  
  55  5:38  SCV x2, Medivac  
  55  5:42  Missile Turret  
  59  5:49  Marine  
  60  5:51  Refinery  
  60  5:52  SCV x2  
  62  5:58  Marine  
  62  5:59  Marauder  
  65  6:04  SCV x2  
  65  6:05  Terran Infantry Armor Level 1  
  65  6:06  Marine  
  68  6:16  Marine  
  69  6:20  Marine  
  69  6:25  Barracks  
  70  6:39  Command Center  
  70  6:57  Supply Depot x2  
  70  6:59  Supply Depot  
  70  7:18  Medivac x2, Marine x2, SCV x2  
  78  7:27  Missile Turret  
  78  7:30  Barracks Reactor, SCV x2  
  78  7:33  Marine  
  78  7:36  Siege Tank, Marine x2  
  86  7:42  SCV x2  
  88  7:48  Barracks, Missile Turret, Medivac x2  
  94  7:51  Marauder  
  94  7:55  SCV x2  
  96  7:58  Planetary Fortress  
  96  8:04  Refinery  
  96  8:07  SCV  
  96  8:09  Armory  
  87  8:19  Marine x3  
  84  8:20  Marine x2  
  73  9:18  SCV  
  73  9:19  SCV  
  73  9:20  Marine x3  
  73  9:21  Marine x3  
  73  9:23  Terran Infantry Weapons Level 2  
  81  9:25  Terran Vehicle Weapons Level 1  
  81  9:38  Marine x4  
  75  9:40  Marine  
  76  9:47  SCV  
  76  9:48  SCV x2  
  79  9:55  Marine  
  79  9:56  Marine x2  
  82  10:00  Viking x2, SCV  
  82  10:01  Barracks Reactor  
  82  10:05  SCV  
  82  10:06  SCV  
  88  10:22  Refinery  
  88  10:29  Missile Turret  
  88  10:30  Viking x2  
  88  10:31  Thor  
  98  10:38  Marauder  
  98  10:39  Marine x6  
  106  10:49  Missile Turret  
  106  10:57  Marine x4  
  105  11:01  Marine x2  
  108  11:04  Marauder  
  108  11:06  Viking  
  108  11:07  Viking  
  108  11:09  Missile Turret  
  108  11:14  Marine x2  
  108  11:15  Marine x2  
  109  11:25  Marauder  
  109  11:41  Supply Depot  
  109  11:42  Supply Depot x2  
  109  11:43  Supply Depot  
  109  12:02  Command Center  
  109  12:03  Viking, Marauder, Medivac, Marine x6  
  109  12:04  Thor  
  109  12:08  Supply Depot  
  127  12:10  Barracks, Supply Depot  
  127  12:11  Barracks  
  127  12:20  Marine x2  
  127  12:21  Marine x4  
  130  12:24  Marauder  
  106  12:33  Medivac x2  
  102  12:38  Marine x2  
  102  12:39  Marine x2  
  100  12:46  Marine x3  
  100  12:47  Siege Tank  
  106  12:56  Marine x4  
  110  12:59  Barracks  
  110  13:03  Marine  
  110  13:04  Marine x2  
  114  13:15  Refinery  
Show
View Real Time Build Order
Export as new Build Order

WangJangler Terran - Winner!

Build Orders:  

Get SALT Encoding   

  12  0:00  SCV  
  13  0:13  SCV  
  14  0:22  Supply Depot  
  14  0:27  SCV  
  15  0:44  SCV  
  15  0:46  Barracks  
  16  0:55  Refinery  
  16  0:56  SCV  
  17  1:02  Refinery  
  17  1:11  SCV  
  18  1:23  SCV  
  19  1:35  Marine  
  19  1:36  SCV  
  19  1:37  Supply Depot  
  21  1:48  Orbital Command  
  21  1:54  Barracks Reactor  
  21  2:14  Command Center  
  21  2:16  SCV  
  22  2:28  SCV  
  23  2:31  Factory  
  23  2:34  Marine  
  24  2:37  Marine  
  25  2:48  SCV  
  26  2:55  Marine x2  
  28  3:00  SCV  
  29  3:15  Factory Tech Lab  
  29  3:17  Starport  
  29  3:21  Marine x2  
  31  3:36  SCV  
  32  3:41  Command Center  
  32  3:46  Siege Tank  
  32  3:48  SCV  
  36  3:53  Orbital Command  
  36  3:57  Starport Reactor  
  36  4:02  SCV  
  37  4:11  Marine x2  
  37  4:14  SCV  
  40  4:21  SCV  
  41  4:26  Siege Tank, SCV  
  45  4:33  SCV  
  45  4:35  Engineering Bay  
  45  4:37  Engineering Bay  
  46  4:43  Barracks  
  46  4:44  Supply Depot  
  46  4:53  SCV x2  
  46  4:54  Viking x2  
  52  5:00  Orbital Command  
  52  5:05  SCV  
  53  5:08  Terran Infantry Weapons Level 1  
  53  5:13  Missile Turret  
  53  5:14  SCV  
  54  5:16  Missile Turret  
  54  5:17  SCV  
  54  5:18  Marine  
  56  5:27  Viking, Medivac  
  60  5:30  Missile Turret  
  60  5:32  SCV  
  60  5:34  SCV  
  60  5:35  SCV  
  63  5:40  Marine x2  
  63  5:41  Barracks Tech Lab  
  65  5:45  SCV  
  65  5:49  Barracks, SCV x2  
  68  5:55  Armory  
  68  5:57  Terran Infantry Armor Level 1, SCV  
  69  6:09  Supply Depot  
  69  6:14  Stimpack  
  69  6:30  Marine x3  
  69  6:31  Siege Tank, SCV x3  
  78  6:36  Supply Depot  
  78  6:41  Barracks Tech Lab  
  78  6:43  SCV  
  78  6:44  Factory  
  78  6:45  Refinery  
  78  6:46  Refinery  
  79  6:48  SCV x2  
  81  6:56  SCV  
  81  7:00  SCV  
  83  7:02  Marine  
  83  7:03  Siege Tank, Marine x3  
  90  7:14  Viking  
  92  7:20  Marine  
  93  7:26  Supply Depot  
  93  7:28  Combat Shield  
  93  7:29  Supply Depot  
  93  7:38  Factory Tech Lab, SCV x3, Marine x4  
  93  7:44  Starport  
  100  7:46  Armory  
  100  7:50  SCV x2  
  102  7:52  Missile Turret, SCV  
  102  7:55  Marine x3  
  102  7:56  Siege Tank  
  109  8:02  SCV  
  106  8:13  Missile Turret  
  100  8:33  Liberator x2  
  103  8:43  Siege Tank, Marine  
  103  8:44  Marine x2  
  103  8:45  SCV x3  
  112  8:49  Refinery  
  112  8:50  Command Center  
  112  8:52  Refinery  
  112  8:53  Terran Vehicle Weapons Level 1  
  112  8:55  Barracks  
  112  8:57  SCV  
  106  9:03  Marine x4  
  110  9:16  Liberator  
  113  9:21  Marine  
  113  9:22  Viking  
  113  9:23  Marine  
  117  9:34  Supply Depot  
  117  9:35  Siege Tank, Supply Depot x3  
  117  9:36  Siege Tank, Marine x2  
  110  9:46  Marine x2  
  110  9:49  SCV x3  
  110  9:51  Barracks Reactor  
  110  9:52  Viking  
  117  9:54  Marine x2  
  117  9:56  Terran Ship Weapons Level 1  
  117  9:59  Medivac  
  121  10:01  SCV x3  
  121  10:03  Marine  
  121  10:04  Marine  
  126  10:07  Siege Tank  
  126  10:13  SCV x3  
  132  10:23  Factory  
  132  10:24  Factory  
  132  10:26  SCV x3  
  135  10:32  Marine x2  
  135  10:33  Marine  
  138  10:37  Planetary Fortress  
  138  10:38  SCV x2  
  138  10:39  Missile Turret  
  138  10:40  Missile Turret  
  132  11:00  Missile Turret  
  93  11:12  Siege Tank x2  
  93  11:17  SCV x3  
  93  11:18  SCV  
  98  11:22  Liberator  
  98  11:23  Viking  
  98  11:24  Command Center  
  103  11:26  Starport Reactor  
  103  11:28  Factory Tech Lab  
  103  11:29  Factory Tech Lab  
  103  11:30  Marine  
  103  11:31  Marine x5  
  109  11:44  Siege Tank  
  109  11:45  Siege Tank  
  115  11:48  Marine  
  115  11:49  Siege Tank, Marine x5  
  115  11:53  Viking  
  126  11:54  Drilling Claws  
  126  11:55  Refinery  
  126  12:01  Refinery  
  126  12:05  Viking  
  126  12:06  Marine  
  126  12:07  Marine x5  
  134  12:11  Fusion Core  
  134  12:12  Supply Depot, SCV x4  
  134  12:13  Supply Depot  
  138  12:21  Siege Tank  
  138  12:22  Siege Tank  
  137  12:34  Viking x2  
  141  12:44  Medivac  
  141  12:45  Medivac  
  145  12:56  SCV x2  
  147  13:00  Marine x3  
  147  13:01  Marine  
Tags
 
Matchup
TvT
Race
Terran
Replay Pack
Multiplayer
Spawn Locations
Cross Positions
Add a new tag
Caveats
  • Supply blocks, unpowered buildings, or Contaminate may cause inaccurate times.
  • Supply counts are checked every 10 seconds.